 Dungeon Crawl Stone Soup version 0.24-a0-581-gc0fa6600bf (webtiles) character file.

Game seed: 14956466619562631754

4391 Ijustatesigmund the Blocker (level 10, -6/82 HPs)
             Began as a Gnoll Fighter on Aug 23, 2019.
             Was a Believer of Okawaru.
             Mangled by Harold
             ... wielding a +0 halberd
              (8 damage)
             ... on level 8 of the Dungeon.
             The game lasted 00:16:46 (7062 turns).

Ijustatesigmund the Blocker (Gnoll Fighter)         Turns: 7062, Time: 00:16:47

Health: -6/82      AC: 20    Str: 24    XL:     10   Next: 35%
Magic:  17/17      EV: 10    Int: 10    God:    Okawaru [**....]
Gold:   419        SH: 12    Dex: 18    Spells: 19/19 levels left

rFire    . . .     SeeInvis +   t - +3 morningstar (protect)
rCold    . . .     Gourm    .   c - +0 shield
rNeg     . . .     Faith    .   b - +0 chain mail (curse)
rPois    .         Spirit   .   (no helmet)
rElec    .         Reflect  .   (no cloak)
rCorr    .         Harm     .   (no gloves)
MR       .....                  o - +1 pair of boots {Fly}
Stlth    ..........             (no amulet)
HPRegen  0.23/turn              q - ring of see invisible
MPRegen  0.15/turn              (no ring)

@: mighty, marked, protection aura
A: distributed training, fangs 1, strong nose
a: Heroism, Renounce Religion, Evoke Flight


You were on level 8 of the Dungeon.
You worshipped Okawaru.
Okawaru was pleased with you.
You were not hungry.

You visited 2 branches of the dungeon, and saw 9 of its levels.
You also visited: Sewer.

You collected 471 gold pieces.
You spent 52 gold pieces at shops.

Inventory:

Hand Weapons
 a - a +4 morningstar
 t - a +3 morningstar of protection (weapon)
Armour
 b - a cursed +0 chain mail (worn)
 c - a +0 shield (worn)
 o - a +1 pair of boots of flying (worn)
Jewellery
 q - a ring of see invisible (left hand)
 u - an uncursed ring of ice
Wands
 l - a wand of acid (1)
 x - a wand of iceblast (9)
Scrolls
 e - 7 scrolls of remove curse
 j - 2 scrolls of enchant armour
 m - 2 scrolls of magic mapping
Potions
 d - a potion of might
 g - 9 potions of curing
 h - 8 potions of flight
 i - a potion of lignification
 k - 3 potions of brilliance
 n - 2 potions of cancellation
 r - a potion of ambrosia
 w - a potion of agility {unknown}
Comestibles
 f - 11 rations
 s - 2 chunks of flesh


   Skills:
 + Level 8.4 Fighting
 + Level 5.1 Short Blades
 + Level 5.1 Long Blades
 + Level 5.1 Axes
 + Level 6.9 Maces & Flails
 + Level 5.1 Polearms
 + Level 5.1 Staves
 + Level 5.1 Slings
 + Level 5.1 Bows
 + Level 5.1 Crossbows
 + Level 5.1 Throwing
 + Level 8.4 Armour
 + Level 5.1 Dodging
 + Level 5.1 Stealth
 + Level 8.4 Shields
 + Level 5.1 Unarmed Combat
 + Level 5.1 Spellcasting
 + Level 4.2 Conjurations
 + Level 4.2 Hexes
 + Level 4.2 Charms
 + Level 4.2 Summonings
 + Level 4.2 Necromancy
 + Level 4.2 Translocations
 + Level 4.2 Transmutations
 + Level 4.2 Fire Magic
 + Level 4.2 Ice Magic
 + Level 4.2 Air Magic
 + Level 4.2 Earth Magic
 + Level 4.2 Poison Magic
 + Level 5.6 Invocations
 + Level 5.1 Evocations


You had 19 spell levels left.
You didn't know any spells.
Your spell library contained the following spells:

 Spells                   Type           Power        Failure   Level  Hunger
 Recall                   Summ/Tloc      N/A          85%         3    ###....
 Aura of Abjuration       Summ           ##........   100%        5    ######.
 Summon Demon             Summ           ##........   100%        5    ######.
 Summon Forest            Summ/Tloc      ##........   100%        5    ######.
 Summon Mana Viper        Hex/Summ       ##......     100%        5    ######.
 Shadow Creatures         Summ           N/A          100%        6    #######


Dungeon Overview and Level Annotations

Branches:
Dungeon (8/15)             Temple (1/1) D:5           Sewer (visited)
   Lair: D:8-11

Altars:
Ashenzari
Dithmenos
Elyvilon
Fedhas
Hepliaklqana
Nemelex Xobeh
Okawaru
Qazlal
Sif Muna
Uskayaw
Vehumet
Wu Jian
Zin
The Shining One

Shops:
D:5 ?

Annotations:
D:8 Harold


Innate Abilities, Weirdness & Mutations

Your experience applies equally to all skills.
You have very sharp teeth.
Your uncanny sense of smell can sniff out nearby items.


Message History

Unknown command.
You hit the two-headed ogre.
You kill the two-headed ogre!
Okawaru is honoured by your kill.
Your Short Blades skill increases to level 5!
Your Long Blades skill increases to level 5!
Your Axes skill increases to level 5!
Your Polearms skill increases to level 5!
Your Staves skill increases to level 5!
Your Slings skill increases to level 5!
Your Bows skill increases to level 5!
Your Crossbows skill increases to level 5!
Your Throwing skill increases to level 5!
Your Dodging skill increases to level 5!
Your Stealth skill increases to level 5!
Your Unarmed Combat skill increases to level 5!
Your Spellcasting skill increases to level 5!
Your Evocations skill increases to level 5!
The bullfrog closely misses you. You block the jackal's attack. x2
Harold hits you with a +0 halberd!
You die...

##### ##
###.... @..
../..# ....
#####...##...#O
#..............
#.h@# #.h@###.#
#.Fh)...#
#..###### #..
#.# #. #. .. #


You could see Harold, a bullfrog and 3 jackals.

Vanquished Creatures
  A two-headed ogre (D:8)
  Pikel (D:5)
  Prince Ribbit (D:7)
  Grinder (D:6)
  A hippogriff (D:7)
  Sigmund (D:2)
  Edmund (D:6)
  An ice beast (D:5)
  Duvessa (D:5)
  A slave (D:5)
  2 centaurs (D:5)
  2 ogres (D:4)
  3 bullfrogs (D:7)
  A big kobold (Sewer)
  Dowan (D:5)
  3 scorpions
  4 wights (D:6)
  A howler monkey (D:4)
  4 crimson imps
  2 hounds
  2 jellies (D:5)
  4 orc priests
  2 orc wizards (D:6)
  5 bullfrog skeletons
  A centaur skeleton (D:6)
  Jessica (D:2)
  3 iguanas
  6 worker ants
  A killer bee zombie (D:7)
  2 worker ant zombies
  4 gnolls (D:6)
  17 adders
  7 river rats (Sewer)
  A shadow imp (D:7)
  An ooze (D:2)
  2 adder skeletons (D:4)
  4 worms
  3 dart slugs
  6 leopard geckos
  14 orcs
  8 giant cockroaches
  13 goblins
  7 hobgoblins
  16 jackals
  28 kobolds
  2 quokkas
  4 ball pythons (Sewer)
  8 bats
  5 frilled lizards
  2 leopard gecko skeletons
  A quokka skeleton (D:5)
  22 rats
235 creatures vanquished.

Vanquished Creatures (others)
  A slave (D:5)
  An adder skeleton (D:5)
2 creatures vanquished.

Grand Total: 237 creatures vanquished

Notes
Turn   | Place    | Note
-------+----------+-------------------------------------------
     0 | D:1      | Ijustatesigmund the Gnoll Fighter began the quest for the
                  | Orb.
     0 | D:1      | Reached XP level 1. HP: 23/23 MP: 1/1
    56 | D:1      | Reached XP level 2. HP: 29/29 MP: 2/2
   298 | D:1      | Reached XP level 3. HP: 32/35 MP: 3/3
   591 | D:2      | Reached skill level 1 in Invocations
   605 | D:2      | Noticed Sigmund
   621 | D:2      | Killed Sigmund
   621 | D:2      | Reached skill level 1 in Short Blades
   621 | D:2      | Reached skill level 1 in Long Blades
   621 | D:2      | Reached skill level 1 in Axes
   621 | D:2      | Reached skill level 1 in Polearms
   621 | D:2      | Reached skill level 1 in Staves
   621 | D:2      | Reached skill level 1 in Slings
   621 | D:2      | Reached skill level 1 in Bows
   621 | D:2      | Reached skill level 1 in Crossbows
   621 | D:2      | Reached skill level 1 in Throwing
   621 | D:2      | Reached skill level 1 in Dodging
   621 | D:2      | Reached skill level 1 in Stealth
   621 | D:2      | Reached skill level 1 in Unarmed Combat
   621 | D:2      | Reached skill level 1 in Spellcasting
   621 | D:2      | Reached skill level 1 in Conjurations
   621 | D:2      | Reached skill level 1 in Hexes
   621 | D:2      | Reached skill level 1 in Charms
   621 | D:2      | Reached skill level 1 in Summonings
   621 | D:2      | Reached skill level 1 in Necromancy
   621 | D:2      | Reached skill level 1 in Translocations
   621 | D:2      | Reached skill level 1 in Transmutations
   621 | D:2      | Reached skill level 1 in Fire Magic
   621 | D:2      | Reached skill level 1 in Ice Magic
   621 | D:2      | Reached skill level 1 in Air Magic
   621 | D:2      | Reached skill level 1 in Earth Magic
   621 | D:2      | Reached skill level 1 in Poison Magic
   621 | D:2      | Reached skill level 1 in Evocations
   621 | D:2      | Reached XP level 4. HP: 7/41 MP: 4/6
   621 | D:2      | Reached XP level 5. HP: 8/47 MP: 4/7
   937 | D:2      | Reached XP level 6. HP: 39/53 MP: 8/8
  1065 | D:2      | Found a faded altar of an unknown god.
  1156 | D:2      | Noticed Jessica
  1159 | D:2      | Killed Jessica
  1922 | D:3      | Reached skill level 5 in Maces & Flails
  2758 | D:4      | Reached XP level 7. HP: 58/59 MP: 10/10
  3558 | D:4      | Reached XP level 8. HP: 63/67 MP: 12/12
  3577 | D:4      | Found a hazy altar of Hepliaklqana.
  3743 | D:5      | Entered Level 5 of the Dungeon
  3794 | D:5      | Noticed Pikel
  3804 | D:5      | Killed Pikel
  3980 | D:5      | Noticed Duvessa
  3980 | D:5      | Noticed Dowan
  3983 | D:5      | Killed Duvessa
  3983 | D:5      | Reached XP level 9. HP: 31/72 MP: 14/14
  3986 | D:5      | Killed Dowan
  4038 | D:5      | Found Idouhaih's Magic Scroll Boutique.
  4054 | D:5      | Bought a scroll of magic mapping for 52 gold pieces
  4072 | D:5      | Found a glowing drain.
  4082 | Sewer    | Entered a sewer
  4924 | D:5      | Found a staircase to the Ecumenical Temple.
  4946 | Temple   | Entered the Ecumenical Temple
  5070 | Temple   | Became a worshipper of Warmaster Okawaru
  5432 | D:6      | Noticed Grinder
  5433 | D:6      | Paralysed by Grinder for 7 turns
  5444 | D:6      | Paralysed by Grinder for 7 turns
  5451 | D:6      | Killed Grinder
  5864 | D:6      | Noticed Edmund
  5988 | D:6      | Killed Edmund
  5988 | D:6      | Reached * piety under Okawaru
  5988 | D:6      | Reached skill level 5 in Invocations
  6392 | D:7      | Reached XP level 10. HP: 77/80 MP: 17/17
  6947 | D:7      | Noticed Prince Ribbit
  6991 | D:7      | Killed Prince Ribbit
  6991 | D:7      | Reached ** piety under Okawaru
  7045 | D:8      | Noticed Harold
  7045 | D:8      | Noticed a two-headed ogre
  7060 | D:8      | HP: 1/80 [two-headed ogre/+0 giant club (7)]
  7062 | D:8      | Killed a two-headed ogre
  7062 | D:8      | Reached skill level 5 in Short Blades
  7062 | D:8      | Reached skill level 5 in Long Blades
  7062 | D:8      | Reached skill level 5 in Axes
  7062 | D:8      | Reached skill level 5 in Polearms
  7062 | D:8      | Reached skill level 5 in Staves
  7062 | D:8      | Reached skill level 5 in Slings
  7062 | D:8      | Reached skill level 5 in Bows
  7062 | D:8      | Reached skill level 5 in Crossbows
  7062 | D:8      | Reached skill level 5 in Throwing
  7062 | D:8      | Reached skill level 5 in Dodging
  7062 | D:8      | Reached skill level 5 in Stealth
  7062 | D:8      | Reached skill level 5 in Unarmed Combat
  7062 | D:8      | Reached skill level 5 in Spellcasting
  7062 | D:8      | Reached skill level 5 in Evocations
  7062 | D:8      | Mangled by Harold

Levels and vault maps discovered:
D:1:      tarquinn_simple_flora_water_a, layout_rooms
D:2:      layout_loops_cross, chequers_ecumenical_altar_island, first_ration,
          uniq_jessica, uniq_sigmund
D:3:      layout_loops_corners, nrook_mini_vaults
D:4:      minmay_razor_zed, layout_loops_ring, lemuel_round_altar
D:5:      layout_cave_pools, minmay_temple_entry_trees, serial_shops, shop,
          portal_sewer_entry_f, uniq_pikel, uniq_duvessa
D:6:      layout_gridville, serial_bayou_lagoon_a, grunt_decor_arrowhead,
          uniq_grinder, uniq_edmund
D:7:      layout_gridville, uniq_prince_ribbit1
D:8:      layout_loops_ring, uniq_harold
Temple:   roderic_octagonal_lattice_temple

Skill      XL: |  1  2  3  4  5  6  7  8  9 10 |
---------------+-------------------------------+-----
Invocations    | 1 2 3 4 5 |  5.6
Short Blades   | 1 2 3 4 5 |  5.1
Long Blades    | 1 2 3 4 5 |  5.1
Axes           | 1 2 3 4 5 |  5.1
Polearms       | 1 2 3 4 5 |  5.1
Staves         | 1 2 3 4 5 |  5.1
Slings         | 1 2 3 4 5 |  5.1
Bows           | 1 2 3 4 5 |  5.1
Crossbows      | 1 2 3 4 5 |  5.1
Throwing       | 1 2 3 4 5 |  5.1
Dodging        | 1 2 3 4 5 |  5.1
Stealth        | 1 2 3 4 5 |  5.1
Unarmed Combat | 1 2 3 4 5 |  5.1
Spellcasting   | 1 2 3 4 5 |  5.1
Conjurations   | 1 2 3 4 |  4.2
Hexes          | 1 2 3 4 |  4.2
Charms         | 1 2 3 4 |  4.2
Summonings     | 1 2 3 4 |  4.2
Necromancy     | 1 2 3 4 |  4.2
Translocations | 1 2 3 4 |  4.2
Transmutations | 1 2 3 4 |  4.2
Fire Magic     | 1 2 3 4 |  4.2
Ice Magic      | 1 2 3 4 |  4.2
Air Magic      | 1 2 3 4 |  4.2
Earth Magic    | 1 2 3 4 |  4.2
Poison Magic   | 1 2 3 4 |  4.2
Evocations     | 1 2 3 4 5 |  5.1
Maces & Flails | 5 6 |  6.9
Fighting       | 7 8 |  8.4
Armour         | 7 8 |  8.4
Shields        | 7 8 |  8.4

Action                   |  1- 3 |  4- 6 |  7- 9 | 10-12 || total
-------------------------+-------+-------+-------+-------++-------
Melee: Flail             |    90 |   180 |   457 |       ||   727
       Bite              |    12 |    20 |    70 |     5 ||   107
       Morningstar       |       |       |    48 |    60 ||   108
       Unarmed           |       |       |    22 |       ||    22
 Abil: Stop Flying       |       |     1 |       |       ||     1
Evoke: Wand              |       |       |     5 |       ||     5
  Use: Potion            |     1 |       |     4 |     3 ||     8
       Scroll            |       |     5 |    10 |     3 ||    18
  Eat: Chunk             |       |     6 |    13 |     2 ||    21
Armor: Scale mail        |    35 |    58 |       |       ||    93
       Chain mail        |       |    12 |   354 |    51 ||   417
       Skin              |       |       |     2 |       ||     2
Dodge: Dodged            |    35 |    60 |   247 |    41 ||   383
Block: Shield            |    66 |   119 |   431 |    61 ||   677

Table legend:
 A = Non-vault XP
 B = Vault XP
 C = Vault XP percentage of total XP
 D = Non-vault monster count
 E = Vault monster count
 F = Vault count percentage of total count
                 A         B        C        D         E       F
            +---------+---------+-------+---------+---------+-------
      Total |    3879 |    2394 |  38.2 |     165 |      69 |  29.5
            +---------+---------+-------+---------+---------+-------
        D:1 |      50 |       0 |   0.0 |      28 |       0 |   0.0
        D:2 |      67 |     279 |  80.6 |      25 |       2 |   7.4
        D:3 |      51 |       0 |   0.0 |      15 |       0 |   0.0
        D:4 |     493 |     316 |  39.1 |      18 |      10 |  35.7
        D:5 |     808 |     815 |  50.2 |      25 |       6 |  19.4
        D:6 |     853 |     448 |  34.4 |      34 |       2 |   5.6
        D:7 |     665 |     283 |  29.9 |      17 |       1 |   5.6
        D:8 |     892 |       0 |   0.0 |       3 |       0 |   0.0
      Sewer |       0 |     253 | 100.0 |       0 |      48 | 100.0
            +---------+---------+-------+---------+---------+-------
